 Dungeon Crawl Stone Soup version 0.22-a0-44-geb883ae (webtiles) character file.

13960 KristoblXynda the Carver (level 11, -6/79 HPs)
             Began as a Red Draconian Gladiator on Jan 6, 2018.
             Was a Priest of Ashenzari.
             Engulfed by an ice statue's freezing vapour (33 damage)
             ... in an ice cave.
             The game lasted 00:32:57 (13576 turns).

KristoblXynda the Carver (Red Draconian Gladiator) Turns: 13576, Time: 00:32:58

Health: -6/79      AC: 10    Str: 17    XL:     11   Next: 82%
Magic:  19/19      EV: 15    Int: 11    God:    Ashenzari [***...]
Gold:   522        SH:  6    Dex: 13    Spells: 18/21 levels left

rFire    + + +     SeeInvis +   a - +1 long sword
rCold    . . .     Gourm    .   w - +1 buckler {rF+} (curse)
rNeg     . . .     Faith    .   (armour unavailable)
rPois    .         Spirit   .   b - +1 hat
rElec    .         Reflect  .   y - scarf {repulsion} (curse)
rCorr    .         Harm     .   (no gloves)
MR       .....                  B - +1 pair of boots
Stlth    ++++......             l - amulet of rage (curse)
HPRegen  0.23/turn              E - ring of protection from fire
MPRegen  0.16/turn              (no ring)

@: short of breath, slowed, repel missiles, very slow
A: breathe fire, unfitting armour, fire resistance 1, cold-blooded, AC +7
a: Breathe Fire, Curse Item, Scrying, Renounce Religion, Evoke Berserk Rage


You were in an ice cave.
You worshipped Ashenzari.
Ashenzari was most pleased with you.
You were not hungry.

You visited 3 branches of the dungeon, and saw 11 of its levels.
You also visited: Sewer and Ice Cave.

You collected 621 gold pieces.
You spent 99 gold pieces at shops.

Inventory:

Hand Weapons
 a - a +1 long sword (weapon)
 A - a +0 falchion of holy wrath
Missiles
 c - 5 throwing nets (quivered)
Armour
 b - a +1 hat (worn)
 w - a cursed +1 buckler of fire resistance (worn)
 y - a cursed scarf of repulsion (worn)
 B - a +1 pair of boots (worn)
Jewellery
 l - a cursed amulet of rage (around neck)
 E - a ring of protection from fire (left hand)
 F - an uncursed amulet of magic regeneration
Wands
 x - a wand of acid (10)
Scrolls
 j - 5 scrolls of amnesia
 m - a scroll of remove curse
 o - 2 scrolls of blinking
 s - 3 scrolls of teleportation
 v - a scroll of enchant weapon
 z - 2 scrolls of enchant armour
Potions
 f - 2 potions of haste
 h - 5 potions of flight
 i - 2 potions of magic
 p - 2 potions of curing
 q - 3 potions of brilliance
 t - 5 potions of might
 C - a potion of invisibility
Books
 H - a book of Flames

   Spells                             Type                      Level
   a - Flame Tongue                   Conjuration/Fire             1
   b - Throw Flame                    Conjuration/Fire             2
   c - Conjure Flame                  Conjuration/Fire             3
   d - Inner Flame                    Hexes/Fire                   3
   e - Sticky Flame                   Conjuration/Fire             4
   f - Fireball                       Conjuration/Fire             5
Comestibles
 d - 12 rations


   Skills:
 - Level 2.1 Fighting
 - Level 10.0 Long Blades
 - Level 3.3 Throwing
 + Level 6.1 Dodging
 + Level 9.0 Stealth
 - Level 3.9(5.6) Shields
 + Level 5.7 Spellcasting
 + Level 2.5 Conjurations
 + Level 3.2 Fire Magic
 + Level 9.1 Evocations


You had 18 spell levels left.
You knew the following spells:

 Your Spells              Type           Power        Failure   Level  Hunger
a - Conjure Flame         Conj/Fire      #.......     19%         3    ###....


Dungeon Overview and Level Annotations

Branches:
Dungeon (9/15)             Temple (1/1) D:5             Orc (1/2) D:9
   Lair: D:8-11

Altars:
Ashenzari
Cheibriados
Dithmenos
Elyvilon
Fedhas
Gozag
Hepliaklqana
Kikubaaqudgha
Makhleb
Nemelex Xobeh
Okawaru
Qazlal
Ru
Sif Muna
Trog
Uskayaw
Vehumet
Wu Jian
Xom
Yredelemnul
Zin
The Shining One

Shops:
D:6 [

Annotations:
IceCv exclusion: ice statue


Innate Abilities, Weirdness & Mutations

You can breathe blasts of fire.
Your fiery red scales are hard. (AC +7)
You cannot fit into any form of body armour.
Your flesh is heat resistant. (rF+)
You are cold-blooded and may be slowed by cold attacks.


Message History

You start resting.
HP restored.
Really walk into a travel-excluded area?
A wolf comes into view.
The ice statue gestures at you. The freezing blast misses you.
You are engulfed in freezing vapours.
You feel yourself slow down.
The ice statue gestures.
Press: ? - help, Shift-Dir - straight line, f - ice statue
Aim: an ice statue You breathe a blast of fire.
You hear a sizzling sound!
You feel somewhat more hungry.
You are engulfed in freezing vapours.
You feel as though you will be slow longer.
You hear a howl!
The wolf howls!
The wolf moves out of view.
A wolf comes into view.
You are engulfed in freezing vapours.
You feel as though you will be slow longer.
You die...

#.## *
#.##* ≈**
** #..# *
* ##.#
##.#*****,
* #.## *
#§## ,*
#§§## *, ,
##§@## ,,
#§§§#
##§§hh.#
*,,
#.8Y.## ,
##..##* *
..#*≈ #.#
, * ## * ,
, * * ,


You could see an ice statue, an ice beast and 2 wolves.

Vanquished Creatures
  2 two-headed ogres
  A death yak (IceCv)
  Joseph (D:8)
  A rime drake (Orc:1)
  6 polar bears (IceCv)
  Prince Ribbit (D:7)
  3 hornets
  2 hippogriffs (D:9)
  Sigmund (D:4)
  A wyvern (D:8)
  Eustachio (D:4)
  32 yaks
  Menkaure (D:4)
  Edmund (D:6)
  A soldier ant (D:9)
  Purgy (D:3)
  An ice beast (D:6)
  2 orc warriors
  An eye of draining (D:9)
  A phantom (D:5)
  A centaur (D:9)
  8 wolves (IceCv)
  3 ogres
  A crocodile (Sewer)
  A big kobold (D:6)
  2 bullfrogs (D:7)
  2 gnoll sergeants (D:9)
  A scorpion (D:5)
  3 howler monkeys
  7 crimson imps
  A centaur skeleton (D:5)
  2 jellies
  8 orc wizards
  4 orc priests
  2 gnoll shamans (D:9)
  4 hounds
  Crazy Yiuf (D:7)
  Jessica (D:2)
  An iguana (D:4)
  Terence (D:3)
  A statue (D:9)
  6 worker ants
  A killer bee zombie (D:7)
  A hound zombie (D:4)
  Robin (D:3)
  22 gnolls
  7 adders
  A river rat (D:4)
  A shadow imp (D:9)
  An ooze (D:3)
  3 worms
  4 leopard geckos
  33 orcs
  3 ball pythons
  7 giant cockroaches
  14 goblins
  5 hobgoblins
  5 jackals
  6 kobolds
  2 quokkas
  7 bats
  8 frilled lizards
  2 quokka skeletons
  7 rats
  A fungus (D:7)
264 creatures vanquished.

Notes
Turn   | Place    | Note
-------+----------+-------------------------------------------
     0 | D:1      | KristoblXynda the Draconian Gladiator began the quest for the Orb.
     0 | D:1      | Reached XP level 1. HP: 17/17 MP: 1/1
   279 | D:1      | Reached XP level 2. HP: 24/24 MP: 2/2
   899 | D:2      | Found a shattered altar of Ashenzari.
   911 | D:2      | Became a worshipper of Ashenzari the Shackled
   928 | D:2      | Found an opulent altar of Gozag.
   948 | D:2      | Noticed Jessica
   954 | D:2      | Killed Jessica
   954 | D:2      | Reached XP level 3. HP: 20/29 MP: 3/3
  1750 | D:3      | Noticed Robin
  1756 | D:3      | Reached XP level 4. HP: 36/36 MP: 4/4
  1757 | D:3      | Killed Robin
  1766 | D:3      | Reached skill level 4 in Long Blades
  1795 | D:3      | Reached XP level 5. HP: 17/41 MP: 5/5
  1968 | D:3      | Noticed Terence
  1989 | D:3      | Killed Terence
  2142 | D:3      | Found a stormy altar of Qazlal.
  2190 | D:3      | Found a white marble altar of Elyvilon.
  2293 | D:3      | Noticed Purgy
  2309 | D:3      | Killed Purgy
  2309 | D:3      | Reached skill level 1 in Stealth
  2309 | D:3      | Reached skill level 1 in Evocations
  2309 | D:3      | Reached XP level 6. HP: 48/48 MP: 6/6
  3015 | D:4      | Found a glowing drain.
  3077 | Sewer    | Entered a sewer
  3392 | D:4      | Noticed Menkaure
  3392 | D:4      | Noticed Eustachio
  3431 | D:4      | Killed Eustachio
  3431 | D:4      | Reached skill level 5 in Long Blades
  3431 | D:4      | Your scales start taking on a fiery red colour.
  3431 | D:4      | Reached XP level 7. HP: 55/55 MP: 8/8
  3431 | D:4      | Gained mutation: Your flesh is heat resistant. (rF+) [Red Draconian growth]
  3459 | D:4      | Killed Menkaure
  3525 | D:4      | Found an iron altar of Okawaru.
  3589 | D:4      | Reached skill level 5 in Dodging
  4143 | D:4      | Noticed Sigmund
  4151 | D:4      | Killed Sigmund
  4151 | D:4      | Reached XP level 8. HP: 49/61 MP: 10/10
  4268 | D:4      | Found a glowing golden altar of the Shining One.
  4579 | D:4      | Reached * piety under Ashenzari
  4729 | D:5      | Entered Level 5 of the Dungeon
  5094 | D:5      | Reached skill level 6 in Long Blades
  5436 | D:5      | Found a staircase to the Ecumenical Temple.
  5442 | Temple   | Entered the Ecumenical Temple
  6477 | D:6      | Noticed Edmund
  6484 | D:6      | Killed Edmund
  6519 | D:6      | Found a sacrificial altar of Ru.
  6606 | D:6      | Found a blossoming altar of Fedhas.
  6616 | D:6      | Found Kazi's Antique Armour Shop.
  6619 | D:6      | Bought a pair of boots for 99 gold pieces
  6725 | D:6      | Reached skill level 1 in Shields
  6958 | D:6      | Reached skill level 5 in Stealth
  6958 | D:6      | Reached skill level 5 in Evocations
  6958 | D:6      | Reached XP level 9. HP: 67/67 MP: 12/12
  6991 | D:6      | Found a shadowy altar of Dithmenos.
  7083 | D:6      | Reached skill level 7 in Long Blades
  7252 | D:6      | Reached ** piety under Ashenzari
  7735 | D:7      | Noticed Prince Ribbit
  7753 | D:7      | Killed Prince Ribbit
  8077 | D:7      | Found a runed door.
  8081 | D:7      | Noticed Crazy Yiuf
  8084 | D:7      | Killed Crazy Yiuf
  8250 | D:8      | Noticed Joseph
  8259 | D:8      | Killed Joseph
  8338 | D:8      | Learned a level 3 spell: Conjure Flame
  8499 | D:8      | Noticed a two-headed ogre
  8508 | D:8      | Killed a two-headed ogre
  8508 | D:8      | Reached skill level 8 in Long Blades
  8508 | D:8      | Reached skill level 1 in Spellcasting
  8508 | D:8      | Reached XP level 10. HP: 33/73 MP: 13/15
  8519 | D:8      | Found a hide-covered altar of Uskayaw.
  8703 | D:8      | Found a deep blue altar of Sif Muna.
  9161 | D:9      | Found a staircase to the Orcish Mines.
  9165 | D:9      | Noticed a two-headed ogre
  9573 | D:9      | Killed a two-headed ogre
  9905 | D:9      | Reached skill level 9 in Long Blades
 10146 | D:9      | Found a hazy altar of Hepliaklqana.
 10308 | D:9      | Reached XP level 11. HP: 58/79 MP: 17/17
 10668 | D:9      | Reached *** piety under Ashenzari
 11019 | D:9      | Found a radiant altar of Vehumet.
 11088 | D:9      | Paralysed by a hornet for 1 turns
 11320 | Orc:1    | Entered Level 1 of the Orcish Mines
 11320 | Orc:1    | Noticed an ettin
 11344 | Orc:1    | Found a frozen archway.
 11356 | IceCv    | Entered an ice cave
 11478 | IceCv    | Reached skill level 5 in Spellcasting
 11778 | IceCv    | Noticed a death yak
 11800 | IceCv    | Killed a death yak
 11800 | IceCv    | Reached skill level 1 in Fire Magic
 11823 | IceCv    | Reached skill level 1 in Conjurations
 12655 | IceCv    | Reached skill level 10 in Long Blades
 13576 | IceCv    | Engulfed by an ice statue's freezing vapour

Vault maps used:
D:1:      ncdulo_lavacross, kennysheep_crisscross, hangedman_decor_push
D:2:      evilmike_ruin_ashenzari, lemuel_crystal_altar, uniq_jessica
D:3:      old_standard_altar, first_ration, elyvilon_altar_4, uniq_terence,
          uniq_purgy, uniq_robin
D:4:      old_standard_altar, overflow_temple_1_default, portal_sewer_entry_a,
          uniq_menkaure, uniq_sigmund, uniq_eustachio
D:5:      minmay_temple_entry_hall
D:6:      lemuel_doored_altar, nicolae_ru_awakened_eye, grunt_dithmenos_smoke,
          serial_shops, shop, corexii_corridor_pit, corner_web_ring, uniq_edmund
D:7:      uniq_prince_ribbit1, uniq_crazy_yiuf_cottage, uniq_joseph
D:8:      eat_drink_and_be_merry_uskayaw, lemuel_round_altar
D:9:      vehumet_statue, overflow_temple_1_default, orc_0_dummy,
          serial_gnoll_camp, gnoll_camp_mini_house, gnoll_camp_mini_house,
          gnoll_camp_mini_sergeant, gnoll_camp_mini_hut,
          hangedman_pestilent_swarm
Temple:   cyrus_temple_forest
Orc:1:    nicolae_orc_accident_1, portal_ice_cave_rime
Sewer:    sewer_co_purgy_island
IceCv:    ice_cave_caverns_01

Skill      XL: |  1  2  3  4  5  6  7  8  9 10 11 |
---------------+----------------------------------+-----
Throwing       | 2 3 |  3.3
Dodging        | 3 4 5 6 |  6.1
Long Blades    | 4 5 6 8 9 10 | 10.0
Stealth        | 1 2 3 5 6 8 9 |  9.0
Evocations     | 1 2 3 5 6 8 9 |  9.1
Shields        | 1 3 |  3.9
Spellcasting   | 1 4 5 |  5.7
Fire Magic     | 3 |  3.2
Conjurations   | 2 |  2.5
Fighting       | |  2.1

Action                   |  1- 3 |  4- 6 |  7- 9 | 10-12 || total
-------------------------+-------+-------+-------+-------++-------
Melee: Long sword        |    83 |    56 |   324 |   412 ||   875
       Tailslap          |    12 |    20 |    60 |    71 ||   163
       Falchion          |       |   111 |       |       ||   111
Throw: Throwing net      |       |       |     1 |     1 ||     2
Invok: Curse Item        |     1 |       |     1 |     1 ||     3
 Abil: Evoke Berserk Rag |     1 |     5 |     1 |       ||     7
       Breathe Fire      |       |       |    16 |    26 ||    42
Evoke: Wand              |       |       |     2 |     5 ||     7
  Use: Scroll            |     3 |     3 |     8 |     7 ||    21
       Potion            |       |     5 |     2 |     4 ||    11
 Stab: Distracted        |     1 |       |     1 |       ||     2
       Sleeping          |     1 |     1 |     4 |     4 ||    10
  Eat: Ration            |     1 |     2 |     5 |     4 ||    12
       Chunk             |     1 |     1 |     6 |     7 ||    15
Armor: Skin              |    22 |   101 |    81 |    90 ||   294
Dodge: Dodged            |    78 |   128 |   277 |   276 ||   759
       Deflected         |       |       |       |     2 ||     2
Block: Buckler           |       |       |    46 |   150 ||   196
       Rpst.: Long sword |    31 |     5 |    84 |    73 ||   193
       Falchion          |       |    22 |       |       ||    22

Table legend:
 A = Spawn XP
 B = Non-spawn XP
 C = Spawn XP percentage of total XP
 D = Spawn monster count
 E = Non-spawn monster count
 F = Spawn count percentage of total count
 G = Total turns spent on level
                    A         B        C        D         E        F      G
               +---------+---------+-------+---------+---------+-------+---------
         Total |       0 |   19944 |   0.0 |       0 |     263 |   0.0 | 13576
               +---------+---------+-------+---------+---------+-------+---------
           D:1 |       0 |      27 |   0.0 |       0 |      17 |   0.0 |   815
           D:2 |       0 |      59 |   0.0 |       0 |      14 |   0.0 |   658
           D:3 |       0 |     329 |   0.0 |       0 |      31 |   0.0 |  1480
           D:4 |       0 |    1147 |   0.0 |       0 |      36 |   0.0 |  1547
           D:5 |       0 |     595 |   0.0 |       0 |      24 |   0.0 |  1519
           D:6 |       0 |    1079 |   0.0 |       0 |      18 |   0.0 |  1087
           D:7 |       0 |     948 |   0.0 |       0 |      16 |   0.0 |   742
           D:8 |       0 |    1925 |   0.0 |       0 |      20 |   0.0 |   720
           D:9 |       0 |    6856 |   0.0 |       0 |      50 |   0.0 |  2438
         Orc:1 |       0 |     344 |   0.0 |       0 |       1 |   0.0 |    36
         Sewer |       0 |     137 |   0.0 |       0 |       7 |   0.0 |   234
         IceCv |       0 |    6498 |   0.0 |       0 |      29 |   0.0 |  2220
               +---------+---------+-------+---------+---------+-------+---------
